 Dungeon Crawl Stone Soup version 0.31-a0-1025-g2e47921a08 (webtiles) character file.

Game seed: 3077441349894143299

58 night the Shooter (level 3, 0/28 HPs)
             Began as a Demonspawn Hunter on Nov 17, 2023.
             Killed by divine providence
             ... invoked by an orc priest
              (13 damage)
             ... on level 2 of the Dungeon.
             The game lasted 00:02:09 (788 turns).

night the Shooter (Demonspawn Hunter)                Turns: 788, Time: 00:02:10

Health: 0/28       AC:  4    Str: 11    XL:     3   Next: 75%
Magic:  3/3        EV: 12    Int: 10    God:
Gold:   44         SH:  0    Dex: 18    Spells: 2/2 levels left

rFire   . . .        a - +0 shortbow
rCold   . . .        (shield currently unavailable)
rNeg    . . .        c - +0 leather armour
rPois   .            (no helmet)
rElec   .            f - +0 cloak
rCorr   .            (no gloves)
SInv    .            (no boots)
Will    .....        (no amulet)
Stlth   ++           (no ring)
HPRegen 0.24/turn    (no ring)
MPRegen 0.08/turn

%: no passive effects
@: no status effects
A: demonic guardian 1, powered by death 1
a: no special abilities


You were on level 2 of the Dungeon.
You visited 1 branch of the dungeon, and saw 2 of its levels.

You collected 44 gold pieces.

Inventory:

Hand Weapons
 a - a +0 shortbow (weapon)
Missiles
 e - 10 stones
Armour
 c - a +0 leather armour (worn)
 f - a +0 cloak (worn)
Scrolls
 b - a scroll of butterflies
 d - a scroll of revelation {unknown}
 g - a scroll of fear {unknown}


   Skills:
 + Level 2.6 Fighting
 + Level 4.0 Ranged Weapons
 + Level 2.4 Dodging
 + Level 1.8 Stealth


You had 2 spell levels left.
You didn't know any spells.
Your spell library contained the following spells:

 Spells                   Type           Power      Damage    Failure   Level
 Shock                    Conj/Air       0%         1d3       45%         1
 Sting                    Tmut/Pois      0%         1d3       45%         1
 Poisonous Vapours        Pois/Air       0%         N/A       58%         2
 Swiftness                Air            0%         N/A       83%         3
 Airstrike                Air            0%         2d(0-16)  99%         4
 Olgreb's Toxic Radiance  Pois           0%         N/A       99%         4


Dungeon Overview and Level Annotations

Branches:
Dungeon (2/15)

Altars:


Innate Abilities, Weirdness & Mutations

A weak demonic guardian rushes to your aid.
You regenerate a little health from kills.


Message History

Your shadow imp gestures at the orc.
The orc writhes in agony.
The orc dies!
The orc wizard barely misses you.
Your shadow imp barely misses the orc wizard.
The orc wizard hits your shadow imp with a +0 dagger.
Your shadow imp hits the orc wizard.
The orc wizard dies!
Your Ranged Weapons skill increases to level 4!
You swap places.
Things that are here:
a +0 dagger; a +0 robe; an orc corpse
There is a stone staircase leading down here.
Things that are here:
a +0 flail; an orc corpse You start resting.
Your shadow imp disappears in a puff of smoke!
HP restored.
There is a stone staircase leading down here.
You climb downwards.
There is a stone staircase leading up here.
You shoot an arrow.
The arrow hits the orc priest but does no damage.
You shoot an arrow. The arrow hits the orc priest.
The orc priest is lightly wounded.
The orc priest closely misses you.
The orc priest calls down the wrath of Beogh upon you.
Beogh smites you!
You shoot an arrow. The arrow hits the orc priest!
The orc priest is severely wounded.
The orc priest hits you with a +0 mace.
A demonic guardian appears!
You shoot an arrow.
The arrow closely misses the orc priest.
The orc priest completely misses you.
Your quasit closely misses the orc priest.
Your quasit claws the orc priest.
Your quasit closely misses the orc priest.
The orc priest invokes the aid of Beogh against you.
Beogh smites you!
You die...

#########
#.......#
#.......#
######..o....#
.......5<....#
#####.@.....#
#.......#
#.......#
####.#### .#
##


You could see an orc priest (ally target) and a friendly quasit (summoned).

Vanquished Creatures
  A dart slug (D:1)
  5 bats (D:1)
  7 endoplasms (D:1)
  A giant cockroach (D:1)
  3 goblins (D:1)
  A hobgoblin (D:1)
  A quokka (D:1)
  5 ball pythons (D:1)
  2 frilled lizards (D:1)
  A kobold (D:1)
  A rat (D:1)
28 creatures vanquished.

Vanquished Creatures (collateral kills)
  An orc wizard (D:1)
  An orc (D:1)
2 creatures vanquished.

Grand Total: 30 creatures vanquished

Notes
Turn   | Place    | Note
-------+----------+-------------------------------------------
     0 | D:1      | night the Demonspawn Hunter began the quest for the Orb.
     0 | D:1      | Reached XP level 1. HP: 16/16 MP: 1/1
    29 | D:1      | Reached skill level 1 in Stealth
    69 | D:1      | Reached skill level 2 in Dodging
    79 | D:1      | Gained mutation: A weak demonic guardian rushes to your
                  | aid. [demonic ancestry]
    79 | D:1      | Reached XP level 2. HP: 22/22 MP: 2/2
   328 | D:1      | Gained mutation: You regenerate a little health from kills.
                  | [demonic ancestry]
   328 | D:1      | Reached XP level 3. HP: 28/28 MP: 3/3
   719 | D:1      | Reached skill level 4 in Ranged Weapons
   788 | D:2      | Killed from afar by an orc priest

Illustrated notes

Levels and vault maps discovered:
D:1:      reono_arrival_forest_river, layout_loops_ring
D:2:      layout_loops_ring, minmay_lizard_king

Skill      XL: |  1  2  3 |
---------------+----------+-----
Stealth        | 1 |  1.8
Dodging        | 2 |  2.4
Ranged Weapons | 4 |  4.0
Fighting       | |  2.6

Action                     || total
---------------------------++-------
   Fire: Shortbow          ||    81
 Armour: Leather armour    ||    24
  Dodge: Dodged            ||    26

Table legend: (Time is in decaauts)
 A = Elapsed time spent in this place.
 B = Non-inter-level travel time spent in this place.
 C = Inter-level travel time spent in this place.
 D = Time resting spent in this place.
 E = Time spent auto-exploring this place.
 F = Levels seen in this place.
 G = Mean time per level.
                   A        B        C        D        E       F      G
               +--------+--------+--------+--------+--------+-----+--------+
         Total |    817 |    812 |      5 |     52 |    570 |   2 |  408.5 |
       Dungeon |    817 |    812 |      5 |     52 |    570 |   2 |  408.5 |
               +--------+--------+--------+--------+--------+-----+--------+

Top non-repeatable levels by time:
     D:1: 808 daAuts
     D:2: 9 daAuts
